 Dungeon Crawl Stone Soup version 0.22.1-1-ga44c0e5 (webtiles) character file.

72 Fang the Skirmisher (level 4, 0/29 HPs)
             Began as a Gargoyle Berserker on Sept 20, 2018.
             Was a Believer of Trog.
             Slain by a hobgoblin (1 damage)
             ... on level 2 of the Dungeon.
             The game lasted 00:01:49 (1389 turns).

Fang the Skirmisher (Gargoyle Berserker)            Turns: 1389, Time: 00:01:50

Health: 0/29       AC:  5    Str: 22    XL:     4   Next: 25%
Magic:  4/4        EV: 12    Int:  7    God:    Trog [**....]
Gold:   60         SH:  0    Dex:  9    Spells: 3/3 levels left

rFire    . . .     SeeInvis .   a - +0 hand axe
rCold    . . .     Gourm    .   (no shield)
rNeg     + . .     Faith    .   b - +0 animal skin
rPois    ∞         Spirit   .   (no helmet)
rElec    +         Reflect  .   (no cloak)
rCorr    .         Harm     .   (no gloves)
MR       .....                  (no boots)
Stlth    +.........             (no amulet)
HPRegen  0.09/turn              (no ring)
MPRegen  0.09/turn              (no ring)

@: berserk cooldown, slowed, very slow
A: negative energy resistance 1, electricity resistance, unbreathing,
petrification resistance, rot immunity, AC +3
a: Berserk, Trog's Hand, Renounce Religion


You were on level 2 of the Dungeon.
You worshipped Trog.
Trog was pleased with you.
You were not hungry.

You visited 1 branch of the dungeon, and saw 2 of its levels.

You collected 60 gold pieces.

Inventory:

Hand Weapons
 a - a +0 hand axe (weapon)
Armour
 b - a +0 animal skin (worn)
Wands
 j - a wand of flame (32)
Scrolls
 e - a scroll of enchant armour {unknown}
 f - a scroll of magic mapping {unknown}
 g - a scroll of remove curse {unknown}
 i - a scroll of amnesia {unknown}
Potions
 d - 2 potions of resistance {unknown}
 h - a potion of curing {unknown}
Comestibles
 c - 4 rations
 k - a chunk of flesh


   Skills:
 + Level 4.0 Fighting
 + Level 3.6 Axes
 + Level 2.3 Armour
 + Level 2.1 Dodging
 + Level 0.1 Stealth


You had 3 spell levels left.
You didn't know any spells.
Your spell library was empty.

Dungeon Overview and Level Annotations

Branches:
Dungeon (2/15)

Altars:


Innate Abilities, Weirdness & Mutations

You are resistant to torment.
Your stone body is resilient. (AC +3)
You are immune to poison.
You resist negative energy. (rN+)
You are resistant to electric shocks. (rElec)
You can survive without breathing.
You are immune to petrification.
You are immune to rotting.


Message History

a club; a spear; a gnoll corpse You butcher the gnoll corpse.
k - 2 chunks of flesh (gained 1)
Things that are here:
a club; a spear Eat one of 2 chunks of flesh? (ye/n/q)
You eat one of the 2 chunks of flesh.
This raw flesh tastes terrible.
You start resting.
A hobgoblin comes into view.
A hobgoblin is nearby!
A hobgoblin is nearby!
A hobgoblin is nearby!
You hit the hobgoblin.
The hobgoblin is moderately wounded.
The hobgoblin hits you.
* * * LOW HITPOINT WARNING * * *
You closely miss the hobgoblin.
The hobgoblin is moderately wounded.
The hobgoblin hits you.
You die...

#.......##########.#
#.......# #.#
#.......# #.#
#.......## #.#
#........# #.#
#........#########.#
#........#.........#
#..g..............##
#.(@..............#
#######...........#
##..........#
#...######## #...#
##(.# #.># ####


You could see a hobgoblin.

Vanquished Creatures
  4 gnolls (D:2)
  A worm (D:2)
  A leopard gecko (D:1)
  5 bats
  2 hobgoblins
  4 jackals (D:1)
  5 kobolds
  A quokka (D:2)
  A frilled lizard (D:1)
  3 goblins
  5 rats
32 creatures vanquished.

Notes
Turn   | Place    | Note
-------+----------+-------------------------------------------
     0 | D:1      | Fang the Gargoyle Berserker began the quest for the Orb.
     0 | D:1      | Reached XP level 1. HP: 14/14 MP: 1/1
   218 | D:1      | Reached XP level 2. HP: 19/19 MP: 2/2
  1039 | D:2      | Reached ** piety under Trog
  1070 | D:2      | Reached XP level 3. HP: 19/24 MP: 3/3
  1357 | D:2      | Reached skill level 4 in Fighting
  1361 | D:2      | Reached XP level 4. HP: 13/29 MP: 4/4
  1364 | D:2      | HP: 2/43 [gnoll/whip (5)]
  1388 | D:2      | HP: 1/29 [hobgoblin (4)]
  1389 | D:2      | Slain by a hobgoblin

Skill      XL: |  1  2  3 |
---------------+----------+-----
Axes           | 3 |  3.6
Fighting       | 4 |  4.0
Dodging        | 2 |  2.1
Armour         | |  2.3
Stealth        | |  0.1

Action                   |  1- 3 |  4- 6 || total
-------------------------+-------+-------++-------
Melee: Hand axe          |   103 |     5 ||   108
Invok: Berserk           |     3 |       ||     3
  Eat: Chunk             |     3 |     1 ||     4
Armor: Animal skin       |    52 |     1 ||    53
Dodge: Dodged            |    92 |       ||    92
